 Dungeon Crawl Stone Soup version 0.18.1-48-g4cf74bf (webtiles) character file.

30013 forly the Arsonist (level 13, -5/94 HPs)
             Began as a Pale Draconian Fire Elementalist on June 25, 2016.
             Was a Priest of Nemelex Xobeh.
             Slain by an eight-headed hydra (6 damage)
             ... on level 1 of the Lair of Beasts on June 27, 2016.
             The game lasted 03:02:40 (18256 turns).

forly the Arsonist (DrFE)                          Turns: 18256, Time: 03:02:42

Health: -5/94      AC:  9    Str: 14      XL:     13   Next: 18%
Magic:  18/28      EV: 16    Int: 19 (20) God:    Nemelex Xobeh [***...]
Gold:   185        SH:  0    Dex: 15      Spells: 6 memorised, 18 levels left

rFire  + . .     SeeInvis .     L - +1 dagger (holy)
rCold  x . .     Gourm    .     (armour unavailable)
rNeg   . . .     Faith    .     (no shield)
rPois  .         Spirit   .     (helmet restricted)
rElec  .         Dismiss  .     j - +0 cloak
rCorr  .         Reflect  .     (no gloves)
SustAt .         Harm     .     (no boots)
MR     .....                    (no amulet)
Stlth  +++.......               b - ring "Tax Vic" {+Inv Str+2}
                                y - ring of fire

@: not resistant to hostile enchantments, fairly stealthy
A: breathe steam, unfitting armour, agile 1, strong 1, wild magic 1,
cold-blooded, AC +8
a: Breathe Steam, Triple Draw, Renounce Religion, Evoke Invisibility


You were on level 1 of the Lair of Beasts.
You worshipped Nemelex Xobeh.
Nemelex Xobeh was most pleased with you.
You were not hungry.

You visited 2 branches of the dungeon, and saw 11 of its levels.
You also visited: Ossuary.

You collected 738 gold pieces.
You spent 375 gold pieces at shops.

Inventory:

Hand Weapons
 F - a +0 quarterstaff
 L - a +1 dagger of holy wrath (weapon)
Armour
 j - a +0 cloak (worn)
Jewellery
 b - the ring "Tax Vic" (right hand) {+Inv Str+2}
   (You found it on level 7 of the Dungeon)

   [ring of strength]

   It affects your strength (+2).
   It lets you turn invisible.
 y - a ring of fire (left hand)
 G - an uncursed ring of stealth
Wands
 c - a wand of disintegration (0/24)
 f - a wand of confusion (11/48)
 n - a wand of flame (26/48)
 r - a wand of lightning (2/15)
 A - a wand of paralysis (0/24)
 T - a wand of lightning (0/15)
Scrolls
 e - 2 scrolls of enchant weapon
 g - 3 scrolls of immolation
 i - 15 scrolls of remove curse
 l - a scroll of random uselessness {unknown}
 m - 2 scrolls of identify
 q - 3 scrolls of magic mapping
 s - 2 scrolls of recharging
 t - a scroll of enchant armour {unknown}
Potions
 h - 2 potions of cure mutation
 z - a potion of haste
 D - 5 potions of flight
Books
 a - a book of Flames

   Spells                             Type                      Level
   a - Flame Tongue                   Conjuration/Fire             1
   b - Throw Flame                    Conjuration/Fire             2
   c - Conjure Flame                  Conjuration/Fire             3
   d - Inner Flame                    Hexes/Fire                   3
   e - Sticky Flame                   Conjuration/Fire             4
   f - Fireball                       Conjuration/Fire             5
 d - a book of Debilitation

   Spells                             Type                      Level
   a - Corona                         Hexes                        1
   b - Slow                           Hexes                        2
   c - Gell's Gravitas                Hexes/Translocation          3
   d - Inner Flame                    Hexes/Fire                   3
   e - Cause Fear                     Hexes                        4
   f - Leda's Liquefaction            Hexes/Earth                  4
 k - a book of Dreams

   Spells                             Type                      Level
   a - Ensorcelled Hibernation        Hexes/Ice                    2
   b - Silence                        Hexes/Air                    5
   c - Darkness                       Hexes                        6
   d - Shadow Creatures               Summoning                    6
 p - a book of Dreams

   Spells                             Type                      Level
   a - Ensorcelled Hibernation        Hexes/Ice                    2
   b - Silence                        Hexes/Air                    5
   c - Darkness                       Hexes                        6
   d - Shadow Creatures               Summoning                    6
 w - a book of Spatial Translocations

   Spells                             Type                      Level
   a - Apportation                    Translocation                1
   b - Blink                          Translocation                2
   c - Shroud of Golubria             Charms/Translocation         2
   d - Portal Projectile              Translocation                3
   e - Teleport Other                 Translocation                3
   f - Passage of Golubria            Translocation                4
 H - a book of Alchemy

   Spells                             Type                      Level
   a - Sublimation of Blood           Necromancy                   2
   b - Ignite Poison                  Fire/Transmutation/Poison    3
   c - Petrify                        Transmutation/Earth          4
   d - Alistair's Intoxication        Transmutation/Poison         5
   e - Irradiate                      Conjuration/Transmutation    5
Miscellaneous
 o - a plain deck of escape {drawn: 4}
 u - a plain deck of war
Comestibles
 I - 2 slices of pizza


   Skills:
 + Level 3.3 Fighting
 + Level 2.4 Short Blades
 + Level 1.7 Staves
 + Level 1.5 Throwing
 + Level 6.3 Dodging
 + Level 4.0 Stealth
 + Level 1.9 Unarmed Combat
 + Level 11.1 Spellcasting
 + Level 9.9 Conjurations
 + Level 1.4 Hexes
 + Level 1.5 Charms
 + Level 2.0 Translocations
 + Level 11.4 Fire Magic
 + Level 6.5 Evocations


You had 18 spell levels left.
You knew the following spells:

 Your Spells              Type           Power        Failure   Level  Hunger
a - Flame Tongue          Conj/Fire      #####        1%          1    None
b - Conjure Flame         Conj/Fire      #######.     1%          3    None
c - Throw Flame           Conj/Fire      ######       1%          2    None
d - Inner Flame           Hex/Fire       ######..     2%          3    None
e - Shroud of Golubria    Chrm/Tloc      ###.......   10%         2    None
f - Fireball              Conj/Fire      #######...   3%          5    ####...


Dungeon Overview and Level Annotations

Branches:
Dungeon (11/15)              Lair (1/8) D:11            Orc (0/2) D:11
 Temple: D:4-7

Altars:
Elyvilon
Nemelex Xobeh
Qazlal
Sif Muna
Trog
The Shining One

Shops:
D:9 =


Innate Abilities, Weirdness & Mutations

You can breathe blasts of scalding, opaque steam.
Your pale cyan-grey scales are hard (AC +8).
Your body does not fit into most forms of armour.
You are cold-blooded and may be slowed by cold attacks.
You are agile. (Dex +2)
Your muscles are strong. (Str +2)
Your spells are a little harder to cast, but a little more powerful.


Message History

Casting: Flame Tongue
Confirm with . or Enter, or press ? or * to list all spells.
Aiming: Flame Tongue
Press: ? - help, Shift-Dir - straight line, f/p - eight-headed hydra
Aim: an eight-headed hydra (severely wounded)
You feel a surge of power!
The flame tongue hits the eight-headed hydra.
The eight-headed hydra is almost dead.
The eight-headed hydra completely misses you.
The eight-headed hydra bites you.
* * * LOW HITPOINT WARNING * * *
The eight-headed hydra misses you. The eight-headed hydra bites you!
* * * LOW HITPOINT WARNING * * *
The eight-headed hydra completely misses you.
The eight-headed hydra bites you.
* * * LOW HITPOINT WARNING * * *
The eight-headed hydra bites you but does no damage.
The eight-headed hydra bites you.
You die...
Your body glows slightly and disappears.

.... ######'### ...#
#...# #..# #.###
..### ###.## #.#.
######P#..# #..#
#.........#
###..###.........#
....<.##.......######
#
......#........#@D§.#
.
......#........##P#.#
#.
.................##.#
#.
......P#####..P####.D
+. '###.### #....
###. .# ### #### #.
.# #t .### #. ...#


You could see an eight-headed hydra.

Vanquished Creatures
  A hydra (D:11)
  Sonja (D:11)
  An unseen horror (D:11)
  A hill giant (D:10)
  Pikel (D:9)
  An ugly thing (D:11)
  A cyclops (D:11)
  A manticore (D:10)
  2 spiny frogs (Lair:1)
  2 komodo dragons (Lair:1)
  3 trolls
  4 orc warriors
  A hog (D:7)
  25 yaks
  2 wyverns (D:11)
  The ghost of r0y the Ducker, an amateur DrBe of Trog (D:3)
  A water elemental (D:11)
  A basilisk (D:11)
  A human (D:7)
  3 hippogriffs
  A hungry ghost (D:10)
  The ghost of forly the Firebug, an amateur DrFE of Okawaru (D:4)
  3 black bears
  2 ice beasts
  4 porcupines
  6 sky beasts
  A phantom (D:6)
  A wasp (D:11)
  3 ogres
  5 crocodiles
  13 centaurs
  9 elf zombies (Ossuary)
  8 giant frogs
  3 scorpions
  3 killer bees (D:9)
  3 wights (D:9)
  3 howler monkeys
  3 electric eels (D:11)
  A crimson imp (D:6)
  A giant frog zombie (D:6)
  A quasit (D:6)
  3 jellies
  A centaur zombie (Ossuary)
  2 human zombies (Ossuary)
  4 orc priests
  4 hounds
  7 orc wizards
  3 centaur skeletons (D:4)
  A giant frog skeleton (D:11)
  4 iguanas
  6 worker ants
  3 sheep (D:7)
  A hound skeleton (D:10)
  4 mummies
  A worker ant zombie (D:11)
  13 adders
  12 river rats
  A white imp (D:11)
  An ooze (D:2)
  2 adder skeletons
  2 dart slugs (D:2)
  9 giant geckos
  29 orcs
  9 bats
  5 giant cockroaches
  9 goblins
  6 hobgoblins
  6 jackals
  12 kobolds
  6 quokkas
  5 ball pythons
  A giant gecko skeleton (D:5)
  4 giant newts
  12 rats
317 creatures vanquished.

Vanquished Creatures (collateral kills)
  A hill giant (D:10)
  An ugly thing (D:11)
  A centaur zombie (D:10)
  2 orc warriors
  A sky beast (D:10)
  A crocodile (D:11)
  A big kobold (D:11)
  A giant frog (D:10)
  A howler monkey (D:10)
  A crimson imp (D:11)
  A quasit (D:10)
  An orc wizard (D:11)
  An orc priest (D:10)
  3 orcs (D:10)
  2 kobolds (D:11)
  A quokka (D:10)
20 creatures vanquished.

Vanquished Creatures (others)
  A hungry ghost (D:9)
  3 slaves
  A giant frog (D:9)
  A crimson imp (D:9)
  A hound (D:9)
  An orc wizard (D:9)
  A worker ant (D:9)
  A hound skeleton (D:9)
  An orc (D:9)
  2 bushes (D:11)
  A fungus (Lair:1)
  12 plants
26 creatures vanquished.

Grand Total: 363 creatures vanquished

Notes
Turn   | Place    | Note
--------------------------------------------------------------
     0 | D:1      | forly the Draconian Fire Elementalist began the quest for the Orb.
     0 | D:1      | Reached XP level 1. HP: 14/14 MP: 3/3
   496 | D:1      | You fall through a shaft!
   505 | D:1      | Reached XP level 2. HP: 20/20 MP: 3/5
  1095 | D:2      | Found a sparkling altar of Nemelex Xobeh.
  1099 | D:2      | Became a worshipper of Nemelex Xobeh the Trickster
  1117 | D:2      | Reached XP level 3. HP: 26/26 MP: 3/6
  1334 | D:2      | Received a gift from Nemelex Xobeh
  1460 | D:2      | Learned a level 3 spell: Conjure Flame
  1620 | D:2      | Reached XP level 4. HP: 24/33 MP: 3/7
  2450 | D:2      | Reached XP level 5. HP: 38/38 MP: 3/9
  2803 | D:3      | Noticed r0y's ghost (amateur DrBe)
  2825 | D:3      | Killed r0y's ghost
  2825 | D:3      | Reached XP level 6. HP: 46/46 MP: 4/11
  3282 | D:3      | Received a gift from Nemelex Xobeh
  3409 | D:3      | Reached * piety under Nemelex Xobeh
  3730 | D:4      | Received a gift from Nemelex Xobeh
  3787 | D:4      | Noticed forly's ghost (amateur DrFE)
  3799 | D:4      | Gained mutation: Your muscles are strong. (Str +2) [helix card]
  3807 | D:4      | Gained mutation: Your mind is acute. (Int +2) [potion of mutation]
  3807 | D:4      | Gained mutation: You are agile. (Dex +2) [potion of mutation]
  3807 | D:4      | Gained mutation: Your spells are a little harder to cast, but a little more powerful. [potion of mutation]
  3822 | D:4      | Lost mutation: Your mind is acute. (Int +2) [potion of cure mutation]
  3833 | D:4      | Killed forly's ghost
  3833 | D:4      | Reached skill level 1 in Short Blades
  3833 | D:4      | Reached skill level 1 in Evocations
  3833 | D:4      | Your scales start taking on a pale cyan-grey colour.
  3833 | D:4      | Reached skill level 5 in Fire Magic
  3833 | D:4      | Reached XP level 7. HP: 51/51 MP: 0/12
  3983 | D:4      | Found a sand-covered staircase.
  4007 | Ossuary  | Entered an ossuary
  4046 | Ossuary  | Reached skill level 1 in Fighting
  4181 | Ossuary  | Reached XP level 8. HP: 41/59 MP: 1/14
  4569 | D:4      | Learned a level 2 spell: Throw Flame
  4573 | D:4      | Learned a level 3 spell: Inner Flame
  4838 | D:4      | Reached skill level 5 in Spellcasting
  4990 | D:4      | Found a bloodstained altar of Trog.
  5361 | D:5      | Entered Level 5 of the Dungeon
  5384 | D:5      | Reached ** piety under Nemelex Xobeh
  5488 | D:5      | Received a gift from Nemelex Xobeh
  5504 | D:5      | Learned a level 2 spell: Shroud of Golubria
  6215 | D:6      | Received a gift from Nemelex Xobeh
  6596 | D:6      | Found a glowing golden altar of the Shining One.
  6820 | D:6      | Reached skill level 5 in Conjurations
  6985 | D:6      | Received a gift from Nemelex Xobeh
  7198 | D:6      | Reached *** piety under Nemelex Xobeh
  7362 | D:6      | Reached XP level 9. HP: 64/64 MP: 11/17
  7577 | D:6      | Received a gift from Nemelex Xobeh
  7585 | D:6      | Found a stormy altar of Qazlal.
  8372 | D:7      | Found a white marble altar of Elyvilon.
  8393 | D:7      | Got a transparent amber ring
  8394 | D:7      | Identified the ring "Tax Vic" {+Inv Str+2} (You found it on level 7 of the Dungeon)
  8463 | D:7      | Found a deep blue altar of Sif Muna.
  8463 | D:7      | Found a stormy altar of Qazlal.
  9380 | D:7      | You fall through a shaft for 2 floors!
  9486 | D:9      | Noticed Pikel
  9500 | D:9      | Killed Pikel
  9774 | D:9      | Reached skill level 5 in Dodging
  9813 | D:9      | Reached XP level 10. HP: 21/72 MP: 4/21
 10201 | D:9      | Found Vablao's Jewellery Boutique.
 10213 | D:9      | Bought an uncursed ring of fire for 375 gold pieces
 10669 | D:9      | Received a gift from Nemelex Xobeh
 11012 | D:10     | Entered Level 10 of the Dungeon
 11697 | D:10     | Noticed a manticore
 11701 | D:10     | Killed a manticore
 11969 | D:10     | Noticed a hill giant
 11983 | D:10     | Killed a hill giant
 12259 | D:10     | Learned a level 5 spell: Fireball
 12291 | D:10     | Got a faintly humming ring mail
 12570 | D:10     | Noticed a hill giant
 12577 | D:10     | Killed a hill giant
 12770 | D:10     | Received a gift from Nemelex Xobeh
 12781 | D:10     | Reached XP level 11. HP: 79/79 MP: 19/24
 13314 | D:11     | Noticed a four-headed hydra
 13325 | D:11     | Killed a four-headed hydra
 13818 | D:11     | Reached skill level 10 in Fire Magic
 13818 | D:11     | Reached skill level 5 in Evocations
 14177 | D:11     | Noticed Sonja
 14263 | D:11     | Killed Sonja
 14489 | D:11     | Noticed a green ugly thing
 14500 | D:11     | Killed a green ugly thing
 14792 | D:11     | Found a staircase to the Orcish Mines.
 14810 | D:11     | Received a gift from Nemelex Xobeh
 15270 | D:11     | Found a staircase to the Lair.
 15273 | D:11     | Reached skill level 10 in Spellcasting
 15998 | D:11     | Noticed a green ugly thing
 16201 | D:11     | Killed a green ugly thing
 16206 | D:11     | Reached skill level 1 in Staves
 16206 | D:11     | Reached skill level 1 in Throwing
 16206 | D:11     | Reached skill level 1 in Unarmed Combat
 16206 | D:11     | Reached skill level 1 in Hexes
 16206 | D:11     | Reached skill level 1 in Charms
 16206 | D:11     | Reached XP level 12. HP: 8/89 MP: 14/26
 16206 | D:11     | HP: 4/89 [poisoned by a green ugly thing]
 16864 | D:11     | Reached XP level 13. HP: 43/94 MP: 12/27
 17083 | Lair:1   | Entered Level 1 of the Lair of Beasts
 18201 | Lair:1   | Received a gift from Nemelex Xobeh
 18256 | Lair:1   | HP: 1/94 [eight-headed hydra (5)]
 18256 | Lair:1   | Slain by an eight-headed hydra

Skill      XL: |  1  2  3  4  5  6  7  8  9 10 11 12 13 |
---------------+----------------------------------------+-----
Stealth        | 2 3 4 |  4.0
Dodging        | 2 3 4 5 6 |  6.3
Spellcasting   | 3 4 5 7 9 10 11 | 11.1
Conjurations   | 2 3 4 5 6 7 9 |  9.9
Fire Magic     | 5 6 8 9 11 | 11.4
Short Blades   | 1 2 |  2.4
Evocations     | 1 2 3 4 6 |  6.5
Fighting       | 1 2 3 |  3.3
Staves         | 1 |  1.7
Throwing       | 1 |  1.5
Unarmed Combat | 1 |  1.9
Hexes          | 1 |  1.4
Charms         | 1 |  1.5
Translocations | 2 |  2.0

Action                   |  1- 3 |  4- 6 |  7- 9 | 10-12 | 13-15 || total
-------------------------+-------+-------+-------+-------+-------++-------
Melee: Unarmed           |    39 |       |       |       |       ||    39
       Tailslap          |    11 |     1 |    13 |     1 |       ||    26
       Dagger            |    46 |    31 |    83 |    35 |     1 ||   196
 Cast: Flame Tongue      |    49 |    84 |   157 |   224 |    65 ||   579
       Conjure Flame     |       |     9 |    27 |    45 |    10 ||    91
       Throw Flame       |       |       |    80 |   166 |    26 ||   272
       Shroud of Golubri |       |       |     3 |     1 |       ||     4
       Fireball          |       |       |       |    16 |     8 ||    24
Invok: Triple Draw       |       |       |     5 |    14 |       ||    19
 Abil: Breathe Steam     |       |       |    12 |    19 |     3 ||    34
       Evoke Invisibilit |       |       |     1 |     2 |       ||     3
Evoke: Wand              |       |     2 |     3 |    11 |    10 ||    26
       Deck              |       |    12 |     7 |     4 |     1 ||    24
  Use: Scroll            |       |     2 |    16 |     4 |       ||    22
       Potion            |       |     5 |     3 |     9 |     2 ||    19
 Stab: Distracted        |       |       |     1 |       |       ||     1
       Invisible         |       |       |       |     1 |       ||     1
  Eat: Pizza             |     1 |       |       |     7 |     1 ||     9
       Bread ration      |     1 |     1 |     1 |     2 |     1 ||     6
       Meat ration       |       |       |     4 |     1 |       ||     5
       Beef jerky        |       |       |     2 |       |       ||     2
       Chunk             |       |       |     1 |     1 |       ||     2
       Fruit             |       |       |       |     2 |     2 ||     4
Armor: Skin              |    48 |    34 |    36 |    56 |     8 ||   182
Dodge: Dodged            |    92 |    42 |   131 |   122 |    21 ||   408
